 Dungeon Crawl Stone Soup version 0.31.0 (webtiles) character file.

Game seed: 15401135925601572721

65 qw the Shooter (level 4, -1/28 HPs)
             Began as a Gargoyle Hunter on Jan 19, 2024.
             Slain by a gnoll
             ... wielding a +0 club
              (4 damage)
             ... on level 2 of the Dungeon.
             The game lasted 00:00:05 (1280 turns).

qw the Shooter (Gargoyle Hunter)                    Turns: 1280, Time: 00:00:05

Health: -1/28      AC:  6    Str: 14    XL:     4   Next: 13%
Magic:  4/4        EV: 11    Int: 10    God:
Gold:   46         SH:  0    Dex: 15    Spells: 3/3 levels left

rFire   . . .        a - +0 shortbow
rCold   . . .        (shield currently unavailable)
rNeg    + . .        c - +0 leather armour
rPois   inf          (no helmet)
rElec   +            (no cloak)
rCorr   .            (no gloves)
SInv    .            (no boots)
Will    .....        (no amulet)
Stlth   ++           (no ring)
HPRegen 0.24/turn    (no ring)
MPRegen 0.09/turn

%: no passive effects
@: no status effects
A: sickness immunity, AC +3, negative energy resistance 1, electricity
resistance, torment resistance 1, petrification resistance
a: no special abilities


You were on level 2 of the Dungeon.
You visited 1 branch of the dungeon, and saw 2 of its levels.

You collected 46 gold pieces.


Innate Abilities, Weirdness & Mutations

You are immune to sickness and miasma.
Your stone body is resilient. (AC +3)
You are immune to poison.
You resist negative energy. (rN+)
You are resistant to electric shocks. (rElec)
You are resistant to unholy torment.
You are immune to petrification.


   Skills:
 - Level 3.0 Fighting
 + Level 5.2 Ranged Weapons
 - Level 1.5 Dodging
 - Level 1.1 Stealth


You had 3 spell levels left.
You didn't know any spells.
Your spell library was empty.

Inventory:

Hand Weapons
 a - a +0 shortbow (weapon)
Armour
 c - a +0 leather armour (worn)
 h - a scarf of repulsion
Scrolls
 b - 3 scrolls of torment {unknown}
 e - a scroll of identify {unknown}
Potions
 d - a potion of enlightenment {unknown}
 f - a potion of mutation {unknown}
 g - a potion of haste {unknown}
 i - 3 potions of resistance {unknown}

Dungeon Overview and Level Annotations

Branches:
Dungeon (2/15)

Altars:
Elyvilon


Message History

The arrow hits the gnoll but does no damage.
The gnoll is lightly wounded.
The gnoll hits you but does no damage.
The endoplasm jiggles.
You shoot an arrow. The arrow hits the gnoll.
The gnoll is moderately wounded.
The gnoll hits you with a +0 club. The gnoll hits you with a +0 whip.
You shoot an arrow. The arrow hits the gnoll.
The gnoll is severely wounded.
The quokka bites you but does no damage.
The gnoll closely misses you. The gnoll barely misses you.
You shoot an arrow. The arrow hits the gnoll.
The gnoll is almost dead.
The quokka closely misses you. The gnoll completely misses you.
The gnoll hits you with a +0 whip. The quokka bites you.
You shoot an arrow.
The arrow hits the gnoll but does no damage.
The gnoll is almost dead.
The gnoll barely misses you. x2; The quokka closely misses you.
You shoot an arrow. The arrow completely misses the gnoll.
The arrow hits the endoplasm.
The endoplasm is almost dead.
The gnoll hits you with a +0 club.
The quokka bites you but does no damage.
The gnoll hits you with a +0 whip!
You shoot an arrow. The arrow barely misses the gnoll.
The arrow hits the endoplasm.
You kill the endoplasm!
The quokka barely misses you. The gnoll completely misses you.
The gnoll misses you. The quokka barely misses you.
You shoot an arrow.
The arrow hits the gnoll but does no damage.
The gnoll is almost dead.
The gnoll hits you but does no damage. The gnoll hits you with a +0 whip.
The quokka bites you but does no damage.
The gnoll hits you but does no damage. The gnoll hits you with a +0 club.
You shoot an arrow. The arrow hits the gnoll.
You kill the gnoll!
The quokka barely misses you. The gnoll hits you with a +0 club.
You die...

.#.##.#
#...##.## ..
.#.##.#
#...#### ##(
......# #...# .
##.#### ##.##
...# #.# ####
#.# #.##
####..##.#..#
#....@r...#
#....#g$##.#..#
#.##....# # ..
#.#)## #.#.# #
... ... ...


You could see a gnoll and a quokka.

Vanquished Creatures
  3 gnolls
  A dart slug (D:1)
  3 ball pythons (D:1)
  6 endoplasms
  2 giant cockroaches
  5 goblins (D:1)
  4 hobgoblins (D:1)
  3 jackals (D:2)
  2 bats
  5 frilled lizards
  5 kobolds
  3 rats (D:1)
42 creatures vanquished.

Notes
Turn   | Place    | Note
-------+----------+-------------------------------------------
     0 | D:1      | qw the Gargoyle Hunter began the quest for the Orb.
     0 | D:1      | Reached XP level 1. HP: 12/12 MP: 1/1
     0 | D:1      | 0 ||| qw: Version: 0.3-a-132-g3d54051
     0 | D:1      | 0 ||| qw: Game counter: 413
     0 | D:1      | 0 ||| qw: Melee chars always use a shield: true
     0 | D:1      | 0 ||| qw: God list: Okawaru
     0 | D:1      | 0 ||| qw: Allow faded altars: false
     0 | D:1      | 0 ||| qw: Do Orc after clearing Dungeon:15 true
     0 | D:1      | 0 ||| qw: Do second Lair branch before Depths: true
     0 | D:1      | 0 ||| qw: Lair rune preference: random
     0 | D:1      | 0 ||| qw: Goals: Normal
     0 | D:1      | 0 ||| PLANNING D:1-11
   115 | D:1      | Reached XP level 2. HP: 17/17 MP: 2/2
   336 | D:1      | Reached XP level 3. HP: 21/21 MP: 3/3
   370 | D:1      | Reached skill level 5 in Ranged Weapons
   945 | D:1      | 945 ||| READING scroll labelled JAWYDO ROAWN.
   946 | D:1      | 946 ||| READING scroll labelled LEFAFIMPOP.
   947 | D:1      | 947 ||| READING scroll labelled PYOTZAK CEYDA.
   947 | D:1      | 947 ||| ENCHANTING +0 shortbow.
   948 | D:1      | 948 ||| READING scroll labelled MYFEAZ PIMOENK.
   952 | D:1      | 952 ||| READING scroll labelled ZUVVUPT HAEPN.
   953 | D:1      | 953 ||| READING scroll labelled MOISUAGUCA.
   954 | D:1      | 954 ||| DROPPING scroll of butterflies.
  1071 | D:2      | Reached skill level 3 in Fighting
  1126 | D:2      | Found a white marble altar of Elyvilon.
  1271 | D:2      | Reached XP level 4. HP: 28/28 MP: 4/4
  1279 | D:2      | HP: 5/28 [gnoll/+0 whip (5)]
  1280 | D:2      | Slain by a gnoll

Levels and vault maps discovered:
D:1:      minmay_arrival_nine_rooms, layout_basic, hangedman_decor_growths,
          minmay_box_of_dots
D:2:      layout_loops_cross, basic_altar, serial_shops, nicolae_shop_tiny_glass

Skill      XL: |  1  2  3 |
---------------+----------+-----
Ranged Weapons | 5 |  5.2
Fighting       | 3 |  3.0
Dodging        | |  1.5
Stealth        | |  1.1

Action                     |  1- 3 |  4- 6 || total
---------------------------+-------+-------++-------
   Fire: Shortbow          |   106 |    10 ||   116
    Use: Scroll            |     6 |       ||     6
 Armour: Leather armour    |    15 |    15 ||    30
  Dodge: Dodged            |    21 |    12 ||    33

Table legend:
 A = Non-vault XP
 B = Vault XP
 C = Vault XP percentage of total XP
 D = Non-vault monster count
 E = Vault monster count
 F = Vault count percentage of total count
                 A         B        C        D         E       F
            +---------+---------+-------+---------+---------+-------
      Total |     100 |       7 |   6.5 |      38 |       4 |   9.5
            +---------+---------+-------+---------+---------+-------
        D:1 |      54 |       7 |  11.5 |      26 |       4 |  13.3
        D:2 |      46 |       0 |   0.0 |      12 |       0 |   0.0
            +---------+---------+-------+---------+---------+-------
